 Dungeon Crawl Stone Soup version 0.26-a0-670-g578ab304f5 (webtiles) character file.

Game seed: 2976987454238630692

18449 PentaManta the Grappler (level 12, -8/100 HPs)
             Began as a Ghoul Artificer on Oct 19, 2020.
             Was an Elder of Makhleb.
             Splashed by Urug's acid (12 damage)
             ... on level 12 of the Dungeon.
             The game lasted 00:43:35 (14101 turns).

PentaManta the Grappler (Ghoul Artificer)          Turns: 14101, Time: 00:43:35

Health: -8/100     AC:  6    Str: 21    XL:     12   Next: 58%
Magic:  0/11       EV: 11    Int:  6    God:    Makhleb [****..]
Gold:   473        SH: 12    Dex:  9    Spells: 11/11 levels left

rFire    + + .     SeeInvis +     - Unarmed
rCold    + . .     Faith    .   h - +2 kite shield
rNeg     + + +     Spirit   +   o - +4 scale mail {rF+}
rPois    ∞         Reflect  .   (no helmet)
rElec    .         Harm     .   T - +0 cloak
rCorr    .         Rampage  .   (no gloves)
MR       .....                  K - +0 pair of boots
Stlth    ..........             W - amulet of guardian spirit
HPRegen  0.00/turn              n - ring of see invisible
MPRegen  0.12/turn              u - ring of protection from fire

@: corroded, hasted, very quick
A: rotting body, claws 1, cold resistance 1, negative energy resistance 3,
inhibited regeneration, torment resistance, unbreathing
a: Minor Destruction, Lesser Servant of Makhleb, Major Destruction, Renounce
Religion


You were on level 12 of the Dungeon.
You worshipped Makhleb.
Makhleb was greatly pleased with you.
You visited 2 branches of the dungeon, and saw 13 of its levels.
You also visited: Ossuary.

You collected 813 gold pieces.
You spent 340 gold pieces at shops.

Inventory:

Hand Weapons
 i - a +2 dagger of venom
Missiles
 a - 28 poisoned darts
 j - 5 throwing nets
 U - a curare-tipped dart (quivered)
 X - 8 atropa-tipped darts
Armour
 h - a +2 kite shield (worn)
 k - a scarf of shadows
 o - a +4 scale mail of fire resistance (worn)
 r - a +2 troll leather armour {Snorg}
 E - a +2 plate armour of poison resistance
 I - a +2 scale mail of cold resistance
 J - +0 acid dragon scales
 K - a +0 pair of boots (worn)
 T - a +0 cloak (worn)
Jewellery
 n - a ring of see invisible (left claw)
 u - a ring of protection from fire (right claw)
 v - an uncursed ring of stealth
 B - an uncursed amulet of magic regeneration {unknown}
 W - an amulet of guardian spirit (around neck)
Wands
 c - a wand of flame (11)
 d - a wand of enslavement (18)
 e - a wand of random effects (5)
 x - a wand of digging (8)
 C - a wand of iceblast (3)
 G - a wand of polymorph (9)
Scrolls
 g - 15 scrolls of remove curse
 l - 4 scrolls of fog
 s - 4 scrolls of amnesia
 y - 6 scrolls of teleportation
 D - a scroll of identify
 L - 2 scrolls of enchant weapon
 M - a scroll of blinking
 N - 2 scrolls of magic mapping
 O - a scroll of fear
Potions
 b - 6 potions of curing
 m - 4 potions of stabbing
 p - 2 potions of resistance
 q - 6 potions of might
 t - 4 potions of magic
 z - 2 potions of ambrosia
 F - 2 potions of invisibility
 H - 2 potions of flight
 S - 4 potions of cancellation
 V - a potion of brilliance


   Skills:
 - Level 7.5 Fighting
 - Level 6.3 Armour
 - Level 6.1 Dodging
 - Level 1.1 Stealth
 + Level 7.3 Shields
 * Level 14.1 Unarmed Combat
 - Level 6.0 Evocations


You had 11 spell levels left.
You didn't know any spells.
Your spell library contained the following spells:

 Spells                   Type           Power        Failure   Level
 Gell's Gravitas          Tloc           #.........   100%        3
 Portal Projectile        Hex/Tloc       #.....       100%        3
 Dispersal                Tloc           #.........   100%        6
 Disjunction              Tloc           #.........   100%        8
 Beastly Appendage        Tmut           Unusable     N/A         1
 Wereblood                Tmut           Unusable     N/A         2
 Spider Form              Tmut/Pois      Unusable     N/A         3
 Ice Form                 Ice/Tmut       Unusable     N/A         4
 Blade Hands              Tmut           Unusable     N/A         5

Dungeon Overview and Level Annotations

Branches:
Dungeon (12/15)            Temple (1/1) D:7         Ossuary (visited)
   Lair: D:8-11         Orc: D:9-12

Altars:
Ashenzari
Cheibriados
Dithmenos
Elyvilon
Fedhas
Gozag
Hepliaklqana
Kikubaaqudgha
Makhleb
Nemelex Xobeh
Okawaru
Qazlal
Ru
Sif Muna
Trog
Uskayaw
Vehumet
Wu Jian
Xom
Yredelemnul
Zin
The Shining One

Shops:
D:4 *   D:10 *

Annotations:
D:6 2 runed translucent doors
D:7 exclusion: death yak
D:8 exclusion: death yak
D:12 Urug


Innate Abilities, Weirdness & Mutations

Your body is rotting away.
You thrive by killing the living.
You are immune to poison.
You have sharp fingernails.
Your flesh is cold resistant. (rC+)
You are immune to negative energy. (rN+++)
You do not regenerate when monsters are visible.
You are immune to unholy pain and torment.
You can survive without breathing.


Message History

Urug zaps a wand.
The bolt of acid misses you.
You barely miss Urug.
Urug is severely wounded.
Urug zaps a wand.
The bolt of acid hits you!
You are splashed with acid!
You feel much better. You block Urug's attack.
You scratch Urug.
Urug is severely wounded.
Urug zaps a wand.
The bolt of acid hits you! The acid corrodes you!
You are splashed with acid!
You closely miss Urug.
Urug is severely wounded.
Urug hits you with a +5 great mace!
* * * LOW HITPOINT WARNING * * *
You feel yourself speed up. Urug hits you with a +5 great mace!
* * * LOW HITPOINT WARNING * * *
Urug throws a javelin.
The javelin closely misses you.
You feel better.
Urug zaps a wand.
The bolt of acid hits you!
* * * LOW HITPOINT WARNING * * *
You are splashed with acid!
You die...

.. .. #. .. # # .#
#.#. .## #..##o#### .
#.....)..### #
..####.@..#..#..
#.####..#!##.
......(#(#..
..###.##†#.###
........#..# .
..##.###...# .##
.........#####..
.###+###.#.#.#.#######
#.##..#.#P...P#


You could see Urug (fast, corroded).

Vanquished Creatures
  Snorg (D:10)
  Erolcha (D:9)
  Harold (D:10)
  A boulder beetle (D:12)
  3 two-headed ogres
  Erica (D:9)
  2 unseen horrors
  Pikel (D:7)
  A gargoyle (D:11)
  A komodo dragon (D:11)
  4 trolls
  A hornet (D:10)
  9 yaks
  3 wyverns
  An acid dragon (D:11)
  2 soldier ants (D:6)
  7 water moccasins
  Duvessa (D:7)
  3 ice beasts
  A sky beast (D:10)
  4 orc warriors
  4 black bears
  5 ogres
  7 centaurs
  2 big kobolds (D:7)
  An elf zombie (D:6)
  2 elf skeletons (D:6)
  A gnoll sergeant (D:7)
  5 bullfrogs
  Dowan (D:7)
  A wyvern skeleton (D:11)
  4 scorpions
  A water moccasin skeleton (D:5)
  8 killer bees
  5 spriggan skeletons (D:10)
  5 wights (D:10)
  A troll skeleton (D:10)
  2 howler monkeys
  11 electric eels
  2 centaur zombies (Ossuary)
  A quasit (D:7)
  Crazy Yiuf (D:7)
  4 bullfrog skeletons
  4 centaur skeletons
  3 human zombies
  2 orc priests
  A gnoll shaman (D:3)
  10 hounds
  4 jellies
  3 orc wizards
  A human skeleton (D:6)
  Jessica (D:2)
  Terence (D:2)
  9 worker ants
  A statue (D:4)
  A hound zombie (D:11)
  4 mummies (Ossuary)
  3 worker ant zombies
  23 gnolls
  14 adders
  A shadow imp (D:10)
  5 white imps
  An ufetubus (D:7)
  An ooze (D:2)
  3 worms
  A dart slug (D:5)
  6 leopard geckos
  25 orcs
  2 bats (D:1)
  6 giant cockroaches
  16 goblins
  8 hobgoblins
  7 jackals
  6 quokkas
  4 frilled lizards
  A goblin zombie (Ossuary)
  2 hobgoblin zombies (Ossuary)
  13 kobolds
  A kobold zombie (Ossuary)
  A leopard gecko skeleton (D:5)
  A leopard gecko zombie (D:4)
  An orc skeleton (D:6)
  10 rats
330 creatures vanquished.

Vanquished Creatures (others)
  A komodo dragon (D:12)
  A soldier ant (D:6)
  A sky beast (D:10)
  A fungus (D:7)
  4 plants (D:7)
8 creatures vanquished.

Grand Total: 338 creatures vanquished

Notes
Turn   | Place    | Note
-------+----------+-------------------------------------------
     0 | D:1      | PentaManta the Ghoul Artificer began the quest for the Orb.
     0 | D:1      | Reached XP level 1. HP: 16/16 MP: 0/0
   148 | D:1      | Reached skill level 1 in Unarmed Combat
   187 | D:1      | Reached XP level 2. HP: 9/23 MP: 1/1
   455 | D:1      | Reached skill level 2 in Unarmed Combat
  1616 | D:1      | Reached skill level 3 in Unarmed Combat
  1616 | D:1      | Reached XP level 3. HP: 25/28 MP: 2/2
  1877 | D:2      | Found a shadowy altar of Dithmenos.
  1933 | D:2      | Noticed Terence
  1951 | D:2      | Killed Terence
  1951 | D:2      | Reached skill level 4 in Unarmed Combat
  1951 | D:2      | Reached XP level 4. HP: 13/35 MP: 3/3
  1952 | D:2      | Noticed Jessica
  2241 | D:2      | Killed Jessica
  2469 | D:2      | Reached XP level 5. HP: 40/40 MP: 4/4
  2600 | D:2      | Reached skill level 5 in Unarmed Combat
  3361 | D:3      | Found a basalt altar of Yredelemnul.
  3611 | D:3      | Reached skill level 6 in Unarmed Combat
  3691 | D:4      | Reached XP level 6. HP: 47/47 MP: 5/5
  4001 | D:4      | Reached skill level 7 in Unarmed Combat
  4012 | D:4      | Found a radiant altar of Vehumet.
  4489 | D:3      | Reached XP level 7. HP: 30/52 MP: 6/6
  4742 | D:4      | Reached skill level 8 in Unarmed Combat
  5000 | D:4      | Found Meumour's General Store.
  5004 | D:4      | Bought a +0 kite shield for 54 gold pieces
  5004 | D:4      | Bought a scroll of teleportation for 36 gold pieces
  5004 | D:4      | Bought a potion of ambrosia for 96 gold pieces
  5004 | D:4      | Bought a scroll of fog for 24 gold pieces
  5070 | D:5      | Entered Level 5 of the Dungeon
  5100 | D:5      | Reached skill level 1 in Dodging
  5484 | D:5      | Reached skill level 1 in Shields
  5897 | D:6      | Found a hazy altar of Hepliaklqana.
  6097 | D:6      | Found a sand-covered staircase.
  6108 | D:6      | Reached XP level 8. HP: 57/61 MP: 7/7
  6112 | Ossuary  | Entered an ossuary
  6686 | D:6      | Reached skill level 9 in Unarmed Combat
  6691 | D:6      | Found a runed translucent gate.
  6692 | D:6      | Found a runed translucent door.
  6777 | D:6      | Found a runed translucent gate.
  6777 | D:6      | Found a runed translucent gate.
  6779 | D:6      | Found a runed translucent door.
  6817 | D:6      | Reached XP level 9. HP: 65/70 MP: 8/8
  7199 | D:6      | Found the +9 staff of Olgreb {rPois∞}
  7714 | D:7      | Found a staircase to the Ecumenical Temple.
  7737 | Temple   | Entered the Ecumenical Temple
  8021 | Temple   | Became a worshipper of Makhleb the Destroyer
  8202 | D:7      | Reached skill level 10 in Unarmed Combat
  8215 | D:7      | Noticed Duvessa
  8296 | D:7      | Killed Duvessa
  8584 | D:7      | Noticed Dowan
  8608 | D:7      | Killed Dowan
  8741 | D:7      | Noticed Pikel
  8757 | D:7      | Killed Pikel
  8757 | D:7      | Reached XP level 10. HP: 80/80 MP: 9/9
  8812 | D:7      | Found a runed translucent door.
  8813 | D:7      | Noticed Crazy Yiuf
  8820 | D:7      | Killed Crazy Yiuf
  8820 | D:7      | Reached * piety under Makhleb
  8820 | D:7      | Reached skill level 5 in Fighting
  9164 | D:7      | Reached skill level 5 in Evocations
  9350 | D:8      | Noticed a two-headed ogre
  9357 | D:8      | Killed a two-headed ogre
  9464 | D:8      | Reached skill level 11 in Unarmed Combat
  9550 | D:8      | Noticed a death yak
  9558 | D:8      | Noticed a death yak
  9565 | D:8      | Noticed a death yak
 10038 | D:9      | Noticed a two-headed ogre
 10055 | D:9      | Killed a two-headed ogre
 10055 | D:9      | Reached skill level 5 in Armour
 10330 | D:9      | Found an iron altar of Okawaru.
 10335 | D:9      | Noticed Erica
 10355 | D:9      | Killed Erica
 10355 | D:9      | Reached skill level 5 in Dodging
 10355 | D:9      | Reached skill level 5 in Shields
 10355 | D:9      | Reached XP level 11. HP: 89/89 MP: 10/10
 10578 | D:9      | Reached ** piety under Makhleb
 10610 | D:9      | Noticed Erolcha
 10627 | D:9      | Paralysed by Erolcha for 4 turns
 10641 | D:9      | Killed Erolcha
 11200 | D:10     | Entered Level 10 of the Dungeon
 11482 | D:10     | Reached skill level 12 in Unarmed Combat
 11757 | D:10     | Noticed Snorg
 11768 | D:10     | Killed Snorg
 11862 | D:10     | Reached *** piety under Makhleb
 11883 | D:10     | Found Xaesaf's General Store.
 11886 | D:10     | Bought a wand of iceblast (3) for 91 gold pieces
 11886 | D:10     | Bought a potion of curing for 39 gold pieces
 12093 | D:10     | Noticed an unseen horror
 12111 | D:10     | Killed an unseen horror
 12381 | D:10     | Reached **** piety under Makhleb
 12390 | D:10     | Reached XP level 12. HP: 100/100 MP: 11/11
 12520 | D:10     | Noticed Harold
 12548 | D:10     | Killed Harold
 12548 | D:10     | Reached skill level 13 in Unarmed Combat
 13344 | D:11     | Noticed a two-headed ogre
 13354 | D:11     | Killed a two-headed ogre
 13823 | D:12     | Found a snail-covered altar of Cheibriados.
 13851 | D:12     | Noticed a boulder beetle
 13864 | D:12     | Killed a boulder beetle
 13864 | D:12     | Reached skill level 14 in Unarmed Combat
 14083 | D:12     | Noticed Urug
 14101 | D:12     | HP: 4/100 [Urug/bolt of acid (11)]
 14101 | D:12     | Splashed by Urug's acid

Illustrated notes

Levels and vault maps discovered:
D:1:      eino_arrival_cavern_e, layout_loops_corners, minmay_3d_cube
D:2:      kennysheep_the_goblin_king, layout_basic,
          grunt_dithmenos_smoke_and_mirrors, kennysheep_generic_room_4,
          uniq_jessica, uniq_terence
D:3:      layout_basic, lemuel_doored_altar
D:4:      layout_gridville, vehumet_statue, serial_shops, shop
D:5:      layout_cave_pools
D:6:      layout_loops_corners, marbit_many_paths,
          nicolae_ossuary_entry_catacombs, minmay_guarded_unrand_staff_of_olgreb
D:7:      cheibrodos_two_vegetables, layout_rooms,
          minmay_temple_entry_overgrown, roderic_roman_lattice, uniq_pikel,
          uniq_duvessa, uniq_crazy_yiuf_cottage
D:8:      minmay_angry_zag, layout_basic, dpeg_lair_monsters,
          minmay_fractal_squares_diagonal_5
D:9:      kennysheep_six_static_rooms, layout_loops_ring, okawaru_gym_becter,
          uniq_erica, uniq_erolcha
D:10:     layout_basic, special_room [special_room_orc], serial_shops,
          nicolae_shop_behind_doors, mrwooster_statue_mirror,
          hangedman_tell_no_tales, uniq_harold, uniq_snorg
D:11:     layout_roguey
D:12:     layout_rooms, david_orc_2, hangedman_feature_mirror,
          minmay_shattered_shrine, uniq_urug
Temple:   dpeg_five_rooms_temple

Skill      XL: |  1  2  3  4  5  6  7  8  9 10 11 12 |
---------------+-------------------------------------+-----
Unarmed Combat | 1 3 4 6 7 8 9 10 11 12 14 | 14.1
Dodging        | 1 2 3 5 6 |  6.1
Armour         | 2 3 4 5 6 |  6.3
Shields        | 1 2 3 5 6 7 |  7.3
Evocations     | 3 4 5 6 |  6.0
Fighting       | 2 3 4 6 7 |  7.5
Stealth        | |  1.1

Action                   |  1- 3 |  4- 6 |  7- 9 | 10-12 || total
-------------------------+-------+-------+-------+-------++-------
Melee: Unarmed           |   155 |   223 |   480 |   675 ||  1533
       Punch             |       |     3 |       |       ||     3
       Dagger            |       |       |     9 |     6 ||    15
Throw: Dart              |       |       |     1 |     3 ||     4
Evoke: Wand              |       |     5 |     3 |    44 ||    52
  Use: Scroll            |     1 |     1 |     7 |    19 ||    28
       Potion            |       |       |       |    10 ||    10
 Stab: Sleeping          |     1 |       |       |       ||     1
       Distracted        |       |       |       |     1 ||     1
Armor: Leather armour    |    25 |       |       |       ||    25
       Scale mail        |       |    85 |   177 |   161 ||   423
Dodge: Dodged            |    65 |    97 |   127 |   189 ||   478
Block: Kite shield       |       |       |   188 |   309 ||   497

Table legend: (Time is in decaauts)
 A = Elapsed time spent in this place.
 B = Non-inter-level travel time spent in this place.
 C = Inter-level travel time spent in this place.
 D = Time resting spent in this place.
 E = Time spent auto-exploring this place.
 F = Levels seen in this place.
 G = Mean time per level.
                   A        B        C        D        E       F      G
               +--------+--------+--------+--------+--------+-----+--------+
         Total |  13904 |  13302 |    602 |   2401 |   7163 |  14 |  993.1 |
       Dungeon |  13145 |  12593 |    552 |   2345 |   6890 |  12 | 1095.4 |
        Temple |    380 |    330 |     50 |     33 |    273 |   1 |  380.0 |
       Ossuary |    379 |    379 |      0 |     23 |      0 |   1 |  379.0 |
               +--------+--------+--------+--------+--------+-----+--------+

Top non-repeatable levels by time:
     D:1: 2071 daAuts
     D:6: 1507 daAuts
    D:10: 1418 daAuts
     D:9: 1253 daAuts
     D:7: 1215 daAuts
     D:3: 1157 daAuts
     D:4: 1039 daAuts
    D:11: 985 daAuts
     D:2: 775 daAuts
     D:8: 742 daAuts
     D:5: 679 daAuts
  Temple: 380 daAuts
 Ossuary: 379 daAuts
    D:12: 299 daAuts
